 Dungeon Sprint DCSS version 0.18.1-48-g4cf74bf (webtiles) character file.

25 Neosonic97 the Caller (level 2, -3/20 HPs)
             Began as a Draconian Summoner on Sept 9, 2016.
             Was an Initiate of Sif Muna.
             Slain by Sigmund
             ... wielding a +0 scythe
              (7 damage)
             ... in the Dungeon (Sprint V: "Ziggurat Sprint").
             The game lasted 00:01:41 (85 turns).

Neosonic97 the Caller (Draconian Summoner)            Turns: 85, Time: 00:01:42

Health: -3/20      AC:  4    Str: 10    XL:     2   Next: 86%
Magic:  8/8        EV: 12    Int: 27    God:    Sif Muna [......]
Gold:   0          SH:  0    Dex: 11    Spells: 2 memorised, 8 levels left

rFire  . . .     SeeInvis .     (no weapon)
rCold  . . .     Gourm    .     (armour unavailable)
rNeg   . . .     Faith    .     (no shield)
rPois  .         Spirit   .     (helmet restricted)
rElec  .         Dismiss  .     (no cloak)
rCorr  .         Reflect  .     (no gloves)
SustAt .         Harm     .     (no boots)
MR     .....     NoTele   +     (no amulet)
Stlth  +.........               D - +6 ring of intelligence
                                C - +6 ring of intelligence

@: confused, not resistant to hostile enchantments, very unstealthy
A: unfitting armour, cold-blooded, AC +4
a: Renounce Religion


You were in the Dungeon.
You worshipped Sif Muna.
Sif Muna was noncommittal.
You were not hungry.

You visited 1 branch

Inventory:

Jewellery
 A - a +6 ring of dexterity
 B - a +6 ring of dexterity
 C - a +6 ring of intelligence (left hand)
 D - a +6 ring of intelligence (right hand)
 E - a +6 ring of strength
 F - a +6 ring of strength
Wands
 w - a wand of disintegration (7/24)
 x - a wand of iceblast (5/15)
 y - a wand of lightning (5/15)
 z - a wand of acid (5/15)
Scrolls
 h - 4 scrolls of blinking
 l - 4 scrolls of amnesia
 o - 3 scrolls of recharging
 p - 7 scrolls of fog
 q - a scroll of holy word
 r - 5 scrolls of identify
 s - 5 scrolls of remove curse
 t - 2 scrolls of fear
Potions
 c - 8 potions of curing
 d - 10 potions of heal wounds
 e - 6 potions of haste
 f - 7 potions of magic
 g - 3 potions of berserk rage
 i - 2 potions of brilliance
 j - 2 potions of invisibility
 k - 4 potions of resistance
 m - 5 potions of agility
 n - 5 potions of might
Books
 a - a book of Callings

   Spells                             Type                      Level
   a - Summon Small Mammal            Summoning                    1
   b - Call Imp                       Summoning                    2
   c - Call Canine Familiar           Summoning                    3
   d - Summon Guardian Golem          Hexes/Summoning              3
   e - Summon Lightning Spire         Summoning/Air                4
   f - Summon Ice Beast               Ice/Summoning                4
Miscellaneous
 G - a crystal ball of energy
Comestibles
 b - 5 bread rations
 u - 42 fruits
 v - 4 meat rations


   Skills:
 + Level 1.7 Dodging
 - Level 1.7 Stealth
 * Level 5.2 Spellcasting
 * Level 7.3 Summonings


You had 8 spell levels left.
You knew the following spells:

 Your Spells              Type           Power        Failure   Level  Hunger
a - Summon Small Mammal   Summ           ####         1%          1    None
b - Call Imp              Summ           #####...     1%          2    None


Dungeon Overview and Level Annotations

Branches:
Dungeon (1/1)

Altars:
Ashenzari
Cheibriados
Dithmenos
Elyvilon
Fedhas
Gozag
Kikubaaqudgha
Makhleb
Nemelex Xobeh
Okawaru
Pakellas
Qazlal
Ru
Sif Muna
Trog
Vehumet
Xom
Yredelemnul
Zin
The Shining One
Beogh
Jiyva
Lugonu

Annotations:
D Sigmund


Innate Abilities, Weirdness & Mutations

Your plain brown scales are hard (AC +4).
Your body does not fit into most forms of armour.
You are cold-blooded and may be slowed by cold attacks.


Message History

Deactivating autopickup; reactivate with Ctrl-A.
Something hits your crimson imp!
Unknown command.
Are you sure you want to stumble around while confused and next to your crimson imp?
Okay, then.
Something barely misses your crimson imp.
You feel less confused. Something misses your crimson imp.
You closely miss something. You barely miss something.
You hear some strange, mumbled words.
You are confused.
You hear some strange, mumbled words.
A puff of flame appears from out of thin air!
The puff of flame misses you. Something hits you!
* * * LOW HITPOINT WARNING * * *
You're too confused to cast spells.
Something hits you!
You die...

▓▓▓▓▓▓▓
▓.8©8.▓
▓.....▓
▓.[.}.▓
▓.{[..▓
▓@5...▓
▓.....▓
▓▓▓▓▓▓▓


You could see a friendly crimson imp.

Vanquished Creatures
  Jessica (D)
1 creature vanquished.

Notes
Turn   | Place    | Note
--------------------------------------------------------------
     0 | D        | Neosonic97 the Draconian Summoner began the quest for the Orb.
     0 | D        | Reached XP level 1. HP: 14/14 MP: 3/3
     0 | D        | Found a roughly hewn altar of Beogh.
     0 | D        | Found a viscous altar of Jiyva.
     0 | D        | Found a corrupted altar of Lugonu.
     0 | D        | Found a white marble altar of Elyvilon.
     0 | D        | Found a sparkling altar of Nemelex Xobeh.
     0 | D        | Found a burning altar of Makhleb.
     0 | D        | Found an iron altar of Okawaru.
     0 | D        | Found a deep blue altar of Sif Muna.
     0 | D        | Found a radiant altar of Vehumet.
     0 | D        | Found a bloodstained altar of Trog.
     0 | D        | Found a shimmering altar of Xom.
     2 | D        | Reached skill level 5 in Spellcasting
     2 | D        | Reached skill level 6 in Summonings
     2 | D        | Reached XP level 2. HP: 20/20 MP: 4/8
     6 | D        | Learned a level 2 spell: Call Imp
    26 | D        | Became a worshipper of Sif Muna the Loreminder
    52 | D        | Entered arena 1.
    52 | D        | Noticed Sigmund
    52 | D        | Noticed Jessica
    58 | D        | Killed Jessica
    58 | D        | Reached skill level 7 in Summonings
    68 | D        | HP: 1/20 [Sigmund/puff of flame (7)]
    85 | D        | Slain by Sigmund

Skill      XL: |  1  2 |
---------------+-------+-----
Spellcasting   | 5 |  5.2
Summonings     | 6 7 |  7.3
Dodging        | |  1.7
Stealth        | |  1.7

Action                   || total
-------------------------++-------
Melee: Unarmed           ||    16
       Tailslap          ||     2
 Cast: Call Imp          ||     1
  Use: Potion            ||     3
 Stab: Distracted        ||     1
Armor: Skin              ||     1
Dodge: Dodged            ||    11
